 Dungeon Crawl Stone Soup version 0.30.1-11-g7821555f0a (webtiles) character file.

Game seed: 17712124370379040952

282 KittyFluff the Cudgeller (level 6, -3/57 HPs)
             Began as a Gargoyle Berserker on Nov 12, 2023.
             Was a Priest of Trog.
             Slain by a wight
             ... wielding a +2 flail
              (5 damage)
             ... on level 3 of the Dungeon.
             The game lasted 00:12:01 (3037 turns).

KittyFluff the Cudgeller (Gargoyle Berserker)       Turns: 3037, Time: 00:12:02

Health: -3/57      AC:  7    Str: 23    XL:     6   Next: 28%
Magic:  6/6        EV: 12    Int:  7    God:    Trog [***...]
Gold:   193        SH:  0    Dex:  9    Spells: 5/5 levels left

rFire   . . .        a - +0 mace
rCold   . . .        (no shield)
rNeg    + . .        b - +0 animal skin
rPois   ∞            (no helmet)
rElec   +            h - +0 cloak
rCorr   .            (no gloves)
SInv    .            (no boots)
Will    .....        (no amulet) Stlth
                     (no ring)
HPRegen 0.29/turn    (no ring)
MPRegen 0.10/turn

%: no passive effects
@: berserking, very quick
A: sickness immunity, AC +4, negative energy resistance 1, electricity
resistance, torment resistance 1, petrification resistance
a: Renounce Religion, Berserk, Trog's Hand


You were on level 3 of the Dungeon.
You worshipped Trog.
Trog was most pleased with you.
You visited 1 branch of the dungeon, and saw 3 of its levels.
You also visited: Sewer.

You collected 193 gold pieces.

Inventory:

Hand Weapons
 a - a +0 mace (weapon)
 o - a +1 heavy flail
 q - a +2 sling of freezing
Armour
 b - a +0 animal skin (worn)
 h - a +0 cloak (worn)
Scrolls
 c - 2 scrolls of enchant weapon {unknown}
 d - 2 scrolls of fog {unknown}
 f - a scroll of poison {unknown}
 g - a scroll of teleportation {unknown}
 j - a scroll of enchant armour {unknown}
 k - 8 scrolls of identify {unknown}
 m - a scroll of butterflies {unknown}
Potions
 e - a potion of attraction {unknown}
 i - a potion of haste {unknown}
 l - 5 potions of flight
 n - a potion of mutation
 p - a potion of ambrosia {unknown}


   Skills:
 + Level 4.1 Fighting
 * Level 4.4 Maces & Flails
 * Level 4.0 Armour
 + Level 2.3 Dodging
 + Level 2.6 Stealth


You had 5 spell levels left.
You didn't know any spells.
Your spell library was empty.

Dungeon Overview and Level Annotations

Branches:
Dungeon (3/15)              Sewer (visited)

Altars:
Nemelex Xobeh


Innate Abilities, Weirdness & Mutations

You are immune to sickness and miasma.
Your stone body is resilient. (AC +4)
You are immune to poison.
You resist negative energy. (rN+)
You are resistant to electric shocks. (rElec)
You are resistant to unholy torment.
You are immune to petrification.


Message History

The wight is moderately damaged.
The wight barely misses you. The wight completely misses you.
You hit the wight.
The wight is severely damaged.
The wight hits you with a +0 scimitar!
You hit the wight but do no damage.
The wight is severely damaged.
The wight hits you with a +0 scimitar.
You barely miss the wight.
The wight is severely damaged.
The wight closely misses you.
You closely miss the wight.
The wight is severely damaged.
The wight closely misses you.
You hit the wight but do no damage.
The wight is severely damaged.
The wight hits you with a +0 scimitar!
* * * LOW HITPOINT WARNING * * *
The wight barely misses you.
You hit the wight but do no damage.
The wight is severely damaged.
The wight misses you.
A red film seems to cover your vision as you go berserk!
You feel yourself moving faster!
You feel mighty! The wight hits you with a +0 scimitar!
* * * LOW HITPOINT WARNING * * *
You closely miss the wight.
The wight is severely damaged.
The wight hits you with a +0 scimitar.
* * * LOW HITPOINT WARNING * * *
You hit the wight.
The wight is almost destroyed.
You sock the wight!
You destroy the wight!
Trog accepts your kill.
Your Armour skill increases to level 4!
You thump the wight!
The wight is heavily damaged.
The wight hits you with a +2 flail.
You die...

...#...........## .... ##
.###.........#... ....
..####. .# ####...........
..... .......
.###.).......##.###.....
.#.##..
.....##...##............ #..
.######...#####....#..>. #..#
.# #...........<..... # #.##
.# #...######z###....
#.....#. .# #...### ##@# ..#
....# #. .# #......##..#
..##.#...#. ## ######..#.####
.....###..) ##...##..
..........
########....##.#####......###
#.........................##.
###......)....).###..........
##..#.###.................#
#.##.# ###.........###.#..


You could see a wight.

Vanquished Creatures
  A wight (D:3)
  4 river rats (Sewer)
  9 adders
  2 worms
  An orc (D:3)
  11 ball pythons
  10 endoplasms
  7 giant cockroaches
  8 goblins
  11 hobgoblins
  A jackal (Sewer)
  8 kobolds
  4 quokkas
  12 bats
  3 frilled lizards
  12 rats
104 creatures vanquished.

Notes
Turn   | Place    | Note
-------+----------+-------------------------------------------
     0 | D:1      | KittyFluff the Gargoyle Berserker began the quest for the
                  | Orb.
     0 | D:1      | Reached XP level 1. HP: 14/14 MP: 1/1
    84 | D:1      | Reached XP level 2. HP: 18/19 MP: 2/2
   573 | D:1      | Reached XP level 3. HP: 23/23 MP: 3/3
   934 | D:1      | Reached ** piety under Trog
  1042 | D:1      | Reached skill level 1 in Stealth
  1232 | D:2      | Found a sparkling altar of Nemelex Xobeh.
  1412 | D:2      | Reached XP level 4. HP: 28/28 MP: 4/4
  1841 | D:3      | Found a glowing drain.
  1900 | Sewer    | Entered a sewer
  2065 | Sewer    | Reached *** piety under Trog
  2093 | Sewer    | Reached XP level 5. HP: 17/33 MP: 5/5
  2778 | D:3      | Reached XP level 6. HP: 38/38 MP: 6/6
  3034 | D:3      | HP: 1/57 [wight/+0 scimitar (5)]
  3037 | D:3      | Slain by a wight

Illustrated notes

Levels and vault maps discovered:
D:1:      dpeg_arrival_ratfight, layout_basic, minivault_27
D:2:      layout_loops_cross, basic_altar, minmay_close_crescents
D:3:      layout_rooms, cheibrodos_sewer_entry_bend, minmay_quantized

Skill      XL: |  1  2  3  4  5  6 |
---------------+-------------------+-----
Stealth        | 1 2 |  2.6
Armour         | 3 4 |  4.0
Dodging        | 2 |  2.3
Maces & Flails | 4 |  4.4
Fighting       | 4 |  4.1

Action                     |  1- 3 |  4- 6 || total
---------------------------+-------+-------++-------
  Melee: Mace              |   157 |   195 ||   352
         Punch             |     1 |       ||     1
 Invoke: Berserk           |       |     4 ||     4
    Use: Scroll            |       |     2 ||     2
   Stab: Sleeping          |     1 |     2 ||     3
         Distracted        |       |     2 ||     2
 Armour: Animal skin       |    65 |    96 ||   161
  Dodge: Dodged            |   124 |   163 ||   287
